 Dungeon Sprint DCSS version 0.30-a0-56-ge6a4009bfd (webtiles) character file.

Game seed: 2841365692388864701

22514 rocky1 the Unseen (level 13, -5/130 HPs)
             Began as a Naga Gladiator on Sept 11, 2022.
             Was the Champion of Cheibriados.
             Slain by a naga warrior
             ... wielding a +0 glaive
              (23 damage)
             ... in the Dungeon (Sprint VII: "The Pits").
             The game lasted 00:14:42 (3172 turns).

rocky1 the Unseen (Naga Gladiator)                  Turns: 3172, Time: 00:14:42

Health: -5/130     AC: 17    Str: 31    XL:     13   Next: 0%
Magic:  19/27      EV: 17    Int: 28    God:    Cheibriados [******]
Gold:   23         SH:  0    Dex: 35    Spells: 32/32 levels left

rFire   . . .      SeeInvis +    o - +2 scimitar (holy)
rCold   . . .      Faith    .    (no shield)
rNeg    . . .      Spirit   .    F - +2 scale mail {Will+}
rPois   +          Reflect  .    q - +0 helmet
rElec   .          Harm     .    w - +1 cloak {rCorr}
rCorr   +          Rampage  .    r - +0 pair of gloves
Will    ++...      NoTele   +    (no barding)
Stlth   +++++++...               E - amulet of regeneration
HPRegen 1.11/turn                a - +3 ring of dexterity
MPRegen 0.20/turn                h - +3 ring of intelligence

@: constricted, very slow
A: AC +4, large, see invisible, deformed body, poison resistance, slowness 2,
spit poison 1, naga tail 2
a: Spit Poison, Renounce Religion, Bend Time, Temporal Distortion, Slouch, Step
From Time


You were in the Dungeon.
You worshipped Cheibriados.
Cheibriados was exalted by your worship.
You visited 1 branch You collected 23 gold pieces.

Inventory:

Hand Weapons
 c - a +2 rapier of venom
 o - a +2 scimitar of holy wrath (weapon)
Missiles
 d - 3 throwing nets
 e - a javelin
Armour
 q - a +0 helmet (worn)
 r - a +0 pair of gloves (worn)
 w - a +1 cloak of preservation (worn)
 D - a +0 buckler
 F - a +2 scale mail of willpower (worn)
Magical Staves
 G - a staff of cold
 H - a staff of air
Jewellery
 a - a +3 ring of dexterity (left hand)
 h - a +3 ring of intelligence (right hand)
 x - a ring of fire
 A - a ring of fire
 E - an amulet of regeneration (around neck)
Wands
 y - a wand of iceblast (11) (quivered)
Scrolls
 b - 2 scrolls of enchant weapon
 k - 3 scrolls of blinking
 m - 5 scrolls of amnesia
 n - a scroll of summoning
 t - 3 scrolls of butterflies
 u - a scroll of fear
 v - a scroll of brand weapon
 z - a scroll of poison
Potions
 f - 11 potions of curing
 g - 4 potions of heal wounds
 i - 4 potions of magic
 j - a potion of berserk rage
 l - 2 potions of invisibility
 p - a potion of might
 B - 2 potions of brilliance
 C - a potion of mutation
Miscellaneous
 s - a lightning rod (4/4)


   Skills:
 + Level 12.6 Fighting
 + Level 16.8 Long Blades
 - Level 1.7 Throwing
 + Level 10.5 Armour
 + Level 10.9 Dodging
 + Level 18.6 Stealth
 + Level 10.3 Spellcasting
 - Level 13.1 Invocations


You had 32 spell levels left.
You didn't know any spells.
Your spell library contained the following spells:

 Spells                   Type           Power      Damage    Failure   Level
 Conjure Flame            Conj/Fire      14%        6-21      21%         3
 Gell's Gravitas          Tloc           14%        N/A       21%         3
 Malign Gateway           Summ/Tloc      7%         N/A       100%        7


Dungeon Overview and Level Annotations

Branches:
Dungeon (1/1)

Altars:
Ashenzari
Cheibriados
Dithmenos
Elyvilon
Fedhas
Gozag
Hepliaklqana
Kikubaaqudgha
Makhleb
Nemelex Xobeh
Okawaru
Qazlal
Ru
Sif Muna
Trog
Uskayaw
Vehumet
Wu Jian
Xom
Yredelemnul
Zin
The Shining One
Jiyva
Lugonu


Innate Abilities, Weirdness & Mutations

Your serpentine skin is tough. (AC +4)
You have supernaturally acute eyesight. (SInv)
Armour fits poorly on your strangely shaped body.
Your system is resistant to poisons. (rPois)
You cover ground very slowly.
You can spit poison.
You can use your snake-like lower body to constrict enemies.


Message History

a +2 flail of draining; a +0 kite shield The naga completely misses you.
The naga closely misses you.
A naga warrior comes into view. It is wielding a +0 glaive.
The naga hits you with the +10 battleaxe of Hepliaklqana's Grace {vorpal, rF+ rC- Str+6 Stlth+}!!
The naga completely misses you. The naga misses you. x2
The naga warrior shouts!
You slash the naga! You grab the naga.
The naga is moderately wounded.
You constrict the naga, but do no damage.
You hear a bleat!
You hear a shout!
You hit the naga.
The naga is heavily wounded.
You constrict the naga. The naga spits poison at you.
The splash of poison hits you but does no damage.
You resist.
You slash the naga!
You kill the naga!
Cheibriados thoroughly appreciates the change of pace.
Unknown command.
The naga warrior spits poison at you. The splash of poison misses you.
The naga warrior hits you with a +0 glaive!!!
* * * LOW HITPOINT WARNING * * *
The naga warrior grabs you. The naga warrior constricts you.
The naga warrior spits poison at you. The splash of poison misses you.
The naga warrior constricts you.
* * * LOW HITPOINT WARNING * * *
The naga warrior hits you but does no damage.
The naga warrior constricts you.
You feel much better.
The naga warrior hits you with a +0 glaive!!
* * * LOW HITPOINT WARNING * * *
The naga warrior constricts you.
* * * LOW HITPOINT WARNING * * *
You slash the naga warrior! You grab the naga warrior.
The naga warrior is lightly wounded.
You constrict the naga warrior.
The naga warrior hits you with a +0 glaive!!
You die...

........''.... ######..##..#. ##
#†# #..##.... #†# #N# #..##....
#)# #)# #..####'' #†# #)#
#..####'' #†#)# #..##....
#..#####'##########..##.#'#
#######......).N@..))......##.#[.
____.##....................##.(.)
____.###########++###########.#..
__...###########++###########.+[.
####'##................##..##.##+
)))'.##......#..#......##..##.
####.##................'').###
......'................'†..######
#'#####......#..#......##†.......


You could see a naga warrior (catching breath).

Vanquished Creatures
  An emperor scorpion (D)
  A rakshasa (D)
  2 great orbs of eyes (D)
  2 hell beasts (D)
  A naga warrior (D)
  A death yak (D)
  An alligator (D)
  A merfolk aquamancer (D)
  A vampire mage (D)
  A sixfirhy (D)
  A deep troll (D)
  3 sea snakes (D)
  A bog body (D)
  A spriggan druid (D)
  A deep elf pyromancer (D)
  2 wolf spiders (D)
  A cyclops (D)
  A black mamba (D)
  An elephant (D)
  A cane toad (D)
  A smoke demon (D)
  2 orange demons (D)
  Psyche (D)
  A demonic crawler (D)
  2 ice devils (D)
  2 polar bears (D)
  2 merfolk (D)
  2 trolls (D)
  3 tyrant leeches (D)
  A hornet (D)
  2 wind drakes (D)
  A tarantella (D)
  Sigmund (D)
  2 spriggans (D)
  A vampire (D)
  A wyvern (D)
  A wraith (D)
  2 water elementals (D)
  3 chaos spawn (D)
  10 yaks (D)
  A neqoxec (D)
  Grum (D)
  A naga (D)
  An acid dragon (D)
  A water moccasin (D)
  3 hell hounds (D)
  A floating eye (D)
  An ice beast (D)
  9 wolves (D)
  A bullfrog (D)
  A scorpion (D)
  An orc priest (D)
  2 jellies (D)
  An iguana (D)
  An iron imp (D)
  Terence (D)
  2 hell rats (D)
  2 orc wizards (D)
  2 adders (D)
  A river rat (D)
  An ufetubus (D)
  4 orcs (D)
  A bat (D)
  An endoplasm (D)
  A giant cockroach (D)
  3 goblins (D)
  9 jackals (D)
  A kobold (D)
  A quokka (D)
  2 frilled lizards (D)
124 creatures vanquished.

Notes
Turn   | Place    | Note
-------+----------+-------------------------------------------
     0 | D        | rocky1 the Naga Gladiator began the quest for the Orb.
     0 | D        | Reached XP level 1. HP: 19/19 MP: 1/1
    11 | D        | Noticed a floating eye
    16 | D        | Paralysed by a floating eye for 3 turns
    21 | D        | Paralysed by a floating eye for 3 turns
    24 | D        | Killed a floating eye
    25 | D        | Reached skill level 5 in Stealth
    25 | D        | Reached XP level 2. HP: 31/31 MP: 2/2
    25 | D        | Reached XP level 3. HP: 37/37 MP: 3/3
    25 | D        | Reached XP level 4. HP: 45/45 MP: 4/4
    28 | D        | Found a bloodstained altar of Trog.
    28 | D        | Found a shimmering blue altar of Sif Muna.
    28 | D        | Found a viscous altar of Jiyva.
    28 | D        | Found a hazy altar of Hepliaklqana.
    28 | D        | Found an opulent altar of Gozag.
    29 | D        | Found a glowing golden altar of the Shining One.
    29 | D        | Found a glowing silver altar of Zin.
    29 | D        | Found a basalt altar of Yredelemnul.
    29 | D        | Found a shimmering altar of Xom.
    29 | D        | Found an ornate altar of the Wu Jian Council.
    29 | D        | Found a sacrificial altar of Ru.
    29 | D        | Found a stormy altar of Qazlal.
    29 | D        | Found an iron altar of Okawaru.
    29 | D        | Found a sparkling altar of Nemelex Xobeh.
    29 | D        | Found a burning altar of Makhleb.
    29 | D        | Found a blossoming altar of Fedhas.
    29 | D        | Found a white marble altar of Elyvilon.
    29 | D        | Found a shadowy altar of Dithmenos.
    29 | D        | Found a snail-covered altar of Cheibriados.
    32 | D        | Found a corrupted altar of Lugonu.
    32 | D        | Found a radiant altar of Vehumet.
    33 | D        | Found an ancient bone altar of Kikubaaqudgha.
    33 | D        | Found a hide-covered altar of Uskayaw.
    33 | D        | Found a broken altar of Ashenzari.
    40 | D        | Became a worshipper of Cheibriados the Contemplative
    79 | D        | Reached skill level 6 in Stealth
    90 | D        | Reached * piety under Cheibriados
    92 | D        | Reached skill level 5 in Long Blades
    96 | D        | Reached ** piety under Cheibriados
   221 | D        | Reached *** piety under Cheibriados
   270 | D        | Reached **** piety under Cheibriados
   271 | D        | Reached XP level 5. HP: 33/51 MP: 5/5
   273 | D        | Reached ***** piety under Cheibriados
   445 | D        | Reached skill level 5 in Fighting
   445 | D        | Reached skill level 7 in Stealth
   447 | D        | Noticed Terence
   454 | D        | Killed Terence
   587 | D        | Reached skill level 5 in Dodging
   587 | D        | Reached skill level 8 in Stealth
   599 | D        | Noticed an elephant
   612 | D        | Killed an elephant
   612 | D        | Reached ****** piety under Cheibriados
   613 | D        | Reached XP level 6. HP: 50/61 MP: 5/11
   613 | D        | Reached XP level 7. HP: 55/67 MP: 5/12
   746 | D        | Noticed Sigmund
   771 | D        | Killed Sigmund
   772 | D        | Reached skill level 10 in Long Blades
   893 | D        | Noticed a troll
   893 | D        | Noticed a spriggan
   895 | D        | Killed a spriggan
   896 | D        | Reached XP level 8. HP: 75/75 MP: 8/15
   896 | D        | Killed a troll
   897 | D        | Reached skill level 10 in Invocations
  1057 | D        | Noticed a hornet
  1059 | D        | Noticed a deep elf pyromancer
  1063 | D        | Killed a hornet
  1073 | D        | Killed a deep elf pyromancer
  1074 | D        | Reached XP level 9. HP: 66/81 MP: 11/18
  1143 | D        | Noticed a death yak
  1143 | D        | Noticed a tyrant leech
  1143 | D        | Noticed a tyrant leech
  1149 | D        | Reached skill level 1 in Spellcasting
  1151 | D        | Killed a tyrant leech
  1152 | D        | Reached skill level 9 in Stealth
  1160 | D        | Killed a death yak
  1161 | D        | Reached skill level 5 in Armour
  1161 | D        | Reached skill level 10 in Stealth
  1165 | D        | Killed a tyrant leech
  1304 | D        | Noticed a troll
  1310 | D        | Killed a troll
  1311 | D        | Reached XP level 10. HP: 86/94 MP: 19/19
  1344 | D        | Noticed a sea snake
  1371 | D        | Killed a sea snake
  1372 | D        | Reached skill level 11 in Stealth
  1633 | D        | Noticed a demonic crawler
  1637 | D        | Killed a demonic crawler
  1643 | D        | Noticed a wolf spider
  1659 | D        | Noticed a deep troll
  1668 | D        | Noticed a rakshasa
  1673 | D        | Killed a wolf spider
  1674 | D        | Reached skill level 12 in Stealth
  1674 | D        | Reached skill level 5 in Spellcasting
  1695 | D        | Killed a rakshasa
  1697 | D        | Killed a deep troll
  1791 | D        | Noticed an orange demon
  1955 | D        | Killed an orange demon
  1956 | D        | Reached skill level 13 in Stealth
  1956 | D        | Reached XP level 11. HP: 84/104 MP: 20/20
  2213 | D        | Noticed a bog body
  2214 | D        | Noticed a sea snake
  2221 | D        | Killed a bog body
  2221 | D        | Killed a sea snake
  2222 | D        | Reached skill level 14 in Stealth
  2233 | D        | Reached skill level 15 in Long Blades
  2233 | D        | Noticed a sea snake
  2245 | D        | Killed a sea snake
  2246 | D        | Reached skill level 10 in Fighting
  2545 | D        | Noticed Grum
  2551 | D        | Reached skill level 15 in Stealth
  2552 | D        | Killed Grum
  2774 | D        | Noticed a green draconian
  2776 | D        | Noticed a lindwurm
  2808 | D        | Noticed a vampire mage
  2808 | D        | Noticed a great orb of eyes
  2808 | D        | Noticed a hell beast
  2808 | D        | Noticed a cyclops
  2808 | D        | Noticed a wolf spider
  2812 | D        | Killed a vampire mage
  2813 | D        | Reached skill level 16 in Stealth
  2813 | D        | Reached XP level 12. HP: 37/118 MP: 18/24
  2814 | D        | Killed a great orb of eyes
  2814 | D        | Killed a hell beast
  2819 | D        | Got the Compilation of Ruinous Elsewhere
  3085 | D        | Noticed a great orb of eyes
  3085 | D        | Noticed an emperor scorpion
  3085 | D        | Noticed a merfolk aquamancer
  3089 | D        | Reached skill level 10 in Dodging
  3089 | D        | Reached skill level 17 in Stealth
  3091 | D        | Killed a merfolk aquamancer
  3091 | D        | Killed an emperor scorpion
  3091 | D        | Killed a great orb of eyes
  3091 | D        | Noticed a hell beast
  3094 | D        | Noticed Psyche
  3095 | D        | Killed Psyche
  3096 | D        | Reached skill level 10 in Armour
  3098 | D        | Killed a hell beast
  3099 | D        | Reached skill level 18 in Stealth
  3100 | D        | Noticed a naga warrior
  3104 | D        | Noticed a naga warrior
  3106 | D        | Reached skill level 10 in Spellcasting
  3106 | D        | Noticed an alligator
  3139 | D        | Killed a naga warrior
  3141 | D        | Killed an alligator
  3142 | D        | Gained mutation: You can use your snake-like lower body to
                  | constrict enemies. [Naga growth]
  3142 | D        | Reached XP level 13. HP: 46/130 MP: 9/27
  3160 | D        | Identified the +10 battleaxe of Hepliaklqana's Grace
                  | {vorpal, rF+ rC- Str+6 Stlth+}
  3172 | D        | Slain by a naga warrior

Illustrated notes

Levels and vault maps discovered:
D:        pitsprint [storerooms_1, entrance_room_1, metal_vault_3, armoury_2,
          mini_pit_1, grid_room_1, main_hall_1, silver_pit, the_coven_3,
          the_vestibule_1, steel_vault_1, golden_pit, hallway_of_sentries,
          crystal_vault_2, iron_vault_1, final_vault]

Skill      XL: |  1  2  3  4  5  6  7  8  9 10 11 12 |
---------------+-------------------------------------+-----
Fighting       | 4 5 7 8 10 12 | 12.6
Long Blades    | 4 5 9 10 12 13 14 15 16 | 16.8
Armour         | 3 4 5 7 8 10 | 10.5
Dodging        | 4 5 6 7 9 10 | 10.9
Stealth        | 5 6 8 10 13 16 18 | 18.6
Invocations    | 7 9 12 13 | 13.1
Spellcasting   | 3 6 8 10 | 10.3
Throwing       | |  1.7

Action                   |  1- 3 |  4- 6 |  7- 9 | 10-12 | 13-15 || total
-------------------------+-------+-------+-------+-------+-------++-------
Melee: Long sword        |     7 |    69 |    24 |       |       ||   100
       Scimitar          |       |       |    36 |   164 |     4 ||   204
       Punch             |       |       |     1 |     4 |       ||     5
       Constrict         |       |       |       |       |     2 ||     2
Invok: Slouch            |       |       |     3 |    17 |       ||    20
 Abil: Spit Poison       |       |     2 |     3 |     3 |       ||     8
Evoke: Wand              |       |       |       |     1 |       ||     1
       Lightning rod     |       |       |       |     1 |       ||     1
  Use: Potion            |       |     2 |     1 |    12 |     1 ||    16
       Scroll            |       |       |       |     1 |       ||     1
 Stab: Sleeping          |       |     1 |       |     2 |       ||     3
       Distracted        |       |       |       |     1 |       ||     1
Armor: Leather armour    |       |    19 |       |       |       ||    19
       Chain mail        |       |    20 |    15 |    69 |       ||   104
       Scale mail        |       |       |       |     7 |     2 ||     9
Dodge: Dodged            |       |    84 |    39 |   154 |     7 ||   284

Table legend: (Time is in decaauts)
 A = Elapsed time spent in this place.
 B = Non-inter-level travel time spent in this place.
 C = Inter-level travel time spent in this place.
 D = Time resting spent in this place.
 E = Time spent auto-exploring this place.
 F = Levels seen in this place.
 G = Mean time per level.
                   A        B        C        D        E       F      G
               +--------+--------+--------+--------+--------+-----+--------+
         Total |   4301 |   4016 |    285 |   1984 |      0 |   1 | 4301.0 |
       Dungeon |   4301 |   4016 |    285 |   1984 |      0 |   1 | 4301.0 |
               +--------+--------+--------+--------+--------+-----+--------+

Top non-repeatable levels by time:
       D: 4301 daAuts
